| TOP OF THE 1ST |
|
New York Yankees batting - Pitching for Seattle Mariners : LHP Angel Contreras
|
|
Pitching: LHP Angel Contreras
|
|
|
Batting: RHB C.J. Richerson
|
0-0: Ball 1-0: Fly out, F7 (Flyball, 7LM, EV 91.3 MPH)
|
|
Batting: LHB Jason Peck
|
0-0: Called Strike 0-1: Ball 1-1: Swinging Strike 1-2: Strikes out swinging
|
|
Batting: SHB Bartholomeu Chambino
|
0-0: SINGLE (Groundball, 56S, EV 66.9 MPH) (infield hit)
|
|
Batting: LHB Evan Torraville
|
0-0: Ball 1-0: Ground out 4-3 (Groundball, 4, EV 97.5 MPH)
|
| Top of the 1st over - 0 runs, 1 hit, 0 errors, 1 left on base; New York 0 - Seattle 0 |
| BOTTOM OF THE 1ST |
|
Seattle Mariners batting - Pitching for New York Yankees : RHP James Woods Jr.
|
|
Pitching: RHP James Woods Jr.
|
|
|
Batting: RHB Steve Bartman Jr.
|
0-0: Swinging Strike 0-1: Ball 1-1: Ball 2-1: Called Strike 2-2: Strikes out swinging
|
|
Batting: LHB John Zumbo
|
0-0: Called Strike 0-1: SINGLE (Line Drive, 89S, EV 105.6 MPH)
|
|
Batting: SHB Floyd-William Goof
|
0-0: Called Strike 0-1: Ball 1-1: Ball 2-1: Foul Ball, location: 2F 2-2: Ball 3-2: Grounds into double play, 4-6-3 (Groundball, 34, EV 87.5 MPH)
|
| Bottom of the 1st over - 0 runs, 1 hit, 0 errors, 0 left on base; New York 0 - Seattle 0 |
| TOP OF THE 2ND |
|
New York Yankees batting - Pitching for Seattle Mariners : LHP Angel Contreras
|
|
Batting: RHB Geni Prawiranega
|
0-0: Ball 1-0: Swinging Strike 1-1: Swinging Strike 1-2: Foul Ball, location: 2F 1-2: Strikes out swinging
|
|
Batting: RHB Kai Bellow
|
0-0: Ball 1-0: Called Strike 1-1: Ground out 6-3 (Groundball, 6, EV 85.0 MPH)
|
|
Batting: RHB Sam Saunders
|
0-0: Ball 1-0: Foul Ball, location: 2F 1-1: Swinging Strike 1-2: Foul Ball, location: 2F 1-2: Ground out 6-3 (Groundball, 6, EV 105.6 MPH)
|
| Top of the 2nd over - 0 runs, 0 hits, 0 errors, 0 left on base; New York 0 - Seattle 0 |
| BOTTOM OF THE 2ND |
|
Seattle Mariners batting - Pitching for New York Yankees : RHP James Woods Jr.
|
|
Batting: SHB Tze-meng Gan
|
0-0: Ball 1-0: Ground out 5-3 (Groundball, 5, EV 84.4 MPH)
|
|
Batting: LHB Bi-jun Chien
|
0-0: Called Strike 0-1: SINGLE (Groundball, 34D, EV 95.6 MPH)
|
|
Batting: RHB Corey Ottinger
|
0-0: Ball Bi-jun Chien steals 2nd base 1-0: Ball Bi-jun Chien steals 3rd base (no throw) 2-0: 2-RUN HOME RUN (Flyball, 7D, EV 95.6 MPH), Distance : 376 ft
|
|
Batting: RHB Ivan Colon
|
0-0: Called Strike 0-1: Ball 1-1: Ground out 5-3 (Groundball, 15, EV 81.9 MPH)
|
|
Batting: RHB Jonathan Rangel
|
0-0: Swinging Strike 0-1: Foul Ball, location: 2F 0-2: Ball 1-2: Ball 2-2: Ball 3-2: Foul Ball, location: 2F 3-2: SINGLE (Line Drive, 4D, EV 98.1 MPH)
|
|
Batting: RHB Young-kwang Ohnn
|
0-0: Ball Wild Pitch! Jonathan Rangel to second 1-0: Foul Ball, location: 2F 1-1: 2-RUN HOME RUN (Flyball, 7LD, EV 95.0 MPH), Distance : 337 ft
|
|
Batting: RHB Steve Bartman Jr.
|
0-0: Foul Ball, location: 2F 0-1: Fly out, F9 (Flyball, 9D, EV 77.5 MPH)
|
| Bottom of the 2nd over - 4 runs, 4 hits, 0 errors, 0 left on base; New York 0 - Seattle 4 |
| TOP OF THE 3RD |
|
New York Yankees batting - Pitching for Seattle Mariners : LHP Angel Contreras
|
|
Batting: LHB Jordan de Jesus
|
0-0: Called Strike 0-1: Ball 1-1: Ground out U3 (Groundball, 3L, EV 83.1 MPH)
|
|
Batting: SHB Billy Durham
|
0-0: Called Strike 0-1: Swinging Strike 0-2: Ball 1-2: Ball 2-2: Strikes out swinging
|
|
Batting: RHB C.J. Richerson
|
0-0: Ground out 4-3 (Groundball, 4, EV 91.3 MPH)
|
| Top of the 3rd over - 0 runs, 0 hits, 0 errors, 0 left on base; New York 0 - Seattle 4 |
| BOTTOM OF THE 3RD |
|
Seattle Mariners batting - Pitching for New York Yankees : RHP James Woods Jr.
|
|
Batting: LHB John Zumbo
|
0-0: Swinging Strike 0-1: Ball 1-1: Ball 2-1: Called Strike 2-2: Foul Ball, location: 2F 2-2: Foul Ball, location: 2F 2-2: Ball 3-2: Base on Balls
|
|
Batting: SHB Floyd-William Goof
|
0-0: Ball 1-0: 2-RUN HOME RUN (Line Drive, 8RXD, EV 102.5 MPH), Distance : 418 ft
|
|
Batting: SHB Tze-meng Gan
|
0-0: Ball 1-0: Called Strike 1-1: Called Strike 1-2: Ball 2-2: Ball 3-2: Foul Ball, location: 2F 3-2: Fly out, F8 (Line Drive, 8LM, EV 90.0 MPH)
|
|
Batting: LHB Bi-jun Chien
|
0-0: Called Strike 0-1: Foul Ball, location: 2F 0-2: Ball 1-2: Ground out U3 (Groundball, 3, EV 83.8 MPH)
|
|
Batting: RHB Corey Ottinger
|
0-0: Ball 1-0: Ball 2-0: Called Strike 2-1: Foul Ball, location: 2F 2-2: Strikes out swinging
|
| Bottom of the 3rd over - 2 runs, 1 hit, 0 errors, 0 left on base; New York 0 - Seattle 6 |
| TOP OF THE 4TH |
|
New York Yankees batting - Pitching for Seattle Mariners : LHP Angel Contreras
|
|
Batting: LHB Jason Peck
|
0-0: Ball 1-0: Foul Ball, location: 2F 1-1: Swinging Strike 1-2: Foul Ball, location: 2F 1-2: Strikes out swinging
|
|
Batting: SHB Bartholomeu Chambino
|
0-0: Called Strike 0-1: Ball 1-1: Called Strike 1-2: Ball 2-2: Strikes out looking
|
|
Batting: LHB Evan Torraville
|
0-0: Called Strike 0-1: Ground out 4-3 (Groundball, 4, EV 83.1 MPH)
|
| Top of the 4th over - 0 runs, 0 hits, 0 errors, 0 left on base; New York 0 - Seattle 6 |
| BOTTOM OF THE 4TH |
|
Seattle Mariners batting - Pitching for New York Yankees : RHP James Woods Jr.
|
|
Pitching: RHP Kyle Johnson
|
|
|
Batting: RHB Ivan Colon
|
0-0: Called Strike 0-1: Foul Ball, location: 2F 0-2: Strikes out swinging
|
|
Batting: RHB Jonathan Rangel
|
0-0: Ball 1-0: Swinging Strike 1-1: Foul Ball, location: 2F 1-2: Ball 2-2: SINGLE (Line Drive, 9LS, EV 110.0 MPH)
|
|
Batting: RHB Young-kwang Ohnn
|
0-0: SINGLE (Groundball, 5D, EV 95.0 MPH) Jonathan Rangel to second
|
|
Batting: RHB Steve Bartman Jr.
|
0-0: Called Strike 0-1: Foul Ball, location: 2F 0-2: Ball Wild Pitch! Jonathan Rangel to third Young-kwang Ohnn to second 1-2: Ball 2-2: Fly out, F4 (Popup, 3DF, EV 53.1 MPH)
|
|
Batting: LHB John Zumbo
|
0-0: Ball 1-0: Ball 2-0: Called Strike 2-1: Ball 3-1: Foul Ball, location: 2F 3-2: Base on Balls
|
|
Batting: SHB Floyd-William Goof
|
0-0: Ball 1-0: SINGLE (Groundball, 56D, EV 103.1 MPH) Jonathan Rangel scores Young-kwang Ohnn to third John Zumbo to second Runner from 3rd tries for Home, SAFE, throw by LF to home
|
|
Batting: SHB Tze-meng Gan
|
0-0: Called Strike 0-1: Ball 1-1: Ground out 5-3 (Groundball, 56S, EV 69.4 MPH)
|
| Bottom of the 4th over - 2 runs, 3 hits, 0 errors, 2 left on base; New York 0 - Seattle 8 |
| TOP OF THE 5TH |
|
New York Yankees batting - Pitching for Seattle Mariners : LHP Angel Contreras
|
|
Batting: RHB Geni Prawiranega
|
0-0: Ball 1-0: Called Strike 1-1: Ball 2-1: Foul Ball, location: 2F 2-2: Strikes out looking
|
|
Batting: RHB Kai Bellow
|
0-0: Called Strike 0-1: Ball 1-1: Ground out 5-3 (Groundball, 56, EV 78.8 MPH)
|
|
Batting: RHB Sam Saunders
|
0-0: Called Strike 0-1: Ball 1-1: Ball 2-1: Ball 3-1: Fly out, F8 (Flyball, 8LD, EV 102.5 MPH)
|
| Top of the 5th over - 0 runs, 0 hits, 0 errors, 0 left on base; New York 0 - Seattle 8 |
| BOTTOM OF THE 5TH |
|
Seattle Mariners batting - Pitching for New York Yankees : RHP Kyle Johnson
|
|
Batting: LHB Bi-jun Chien
|
0-0: Ball 1-0: Called Strike 1-1: Ball 2-1: Ball 3-1: Base on Balls
|
|
Batting: RHB Corey Ottinger
|
0-0: Ball 1-0: Grounds into double play, 4-6-3 (Groundball, 4MD, EV 88.8 MPH)
|
|
Batting: RHB Ivan Colon
|
0-0: Fly out, F8 (Flyball, 8LM, EV 73.1 MPH)
|
| Bottom of the 5th over - 0 runs, 0 hits, 0 errors, 0 left on base; New York 0 - Seattle 8 |
| TOP OF THE 6TH |
|
New York Yankees batting - Pitching for Seattle Mariners : LHP Angel Contreras
|
|
Batting: LHB Jordan de Jesus
|
0-0: Foul Ball, location: 2F 0-1: Ball 1-1: Ground out 6-3 (Groundball, 6S, EV 88.1 MPH)
|
|
Batting: SHB Billy Durham
|
0-0: Called Strike 0-1: Swinging Strike 0-2: Ball 1-2: Ball 2-2: Ball 3-2: Foul Ball, location: 2F 3-2: Ground out 6-3 (Groundball, 6, EV 101.3 MPH)
|
|
Batting: RHB C.J. Richerson
|
0-0: Called Strike 0-1: Ball 1-1: Ball 2-1: Ball 3-1: Swinging Strike 3-2: Ground out 6-3 (Groundball, 56, EV 102.5 MPH)
|
| Top of the 6th over - 0 runs, 0 hits, 0 errors, 0 left on base; New York 0 - Seattle 8 |
| BOTTOM OF THE 6TH |
|
Seattle Mariners batting - Pitching for New York Yankees : RHP Kyle Johnson
|
|
Batting: RHB Jonathan Rangel
|
0-0: Called Strike 0-1: Ball 1-1: Ball 2-1: Ground out 5-3 (Groundball, 56, EV 87.5 MPH)
|
|
Batting: RHB Young-kwang Ohnn
|
0-0: Called Strike 0-1: Called Strike 0-2: Ground out 4-3 (Groundball, 4, EV 79.4 MPH)
|
|
Batting: RHB Steve Bartman Jr.
|
0-0: Ball 1-0: Ball 2-0: Ground out 6-3 (Groundball, 6, EV 81.3 MPH)
|
| Bottom of the 6th over - 0 runs, 0 hits, 0 errors, 0 left on base; New York 0 - Seattle 8 |
| TOP OF THE 7TH |
|
New York Yankees batting - Pitching for Seattle Mariners : LHP Angel Contreras
|
|
Batting: LHB Jason Peck
|
0-0: Fly out, F9 (Flyball, 9, EV 75.0 MPH)
|
|
Batting: SHB Bartholomeu Chambino
|
0-0: Swinging Strike 0-1: Foul Ball, location: 2F 0-2: Ball 1-2: Foul Ball, location: 2F 1-2: Ball 2-2: Fly out, F6 (Popup, 6D, EV 57.5 MPH)
|
|
Batting: LHB Evan Torraville
|
0-0: Foul Ball, location: 2F 0-1: Ground out 4-3 (Groundball, 34, EV 81.9 MPH)
|
| Top of the 7th over - 0 runs, 0 hits, 0 errors, 0 left on base; New York 0 - Seattle 8 |
| BOTTOM OF THE 7TH |
|
Seattle Mariners batting - Pitching for New York Yankees : RHP Kyle Johnson
|
|
Batting: LHB John Zumbo
|
0-0: Fly out, F8 (Flyball, 8LM, EV 78.1 MPH)
|
|
Batting: SHB Floyd-William Goof
|
0-0: Called Strike 0-1: Foul Ball, location: 2F 0-2: Fly out, F3 (Popup, 34, EV 60.0 MPH)
|
|
Batting: SHB Tze-meng Gan
|
0-0: Fly out, F4 (Flyball, 34D, EV 82.5 MPH)
|
| Bottom of the 7th over - 0 runs, 0 hits, 0 errors, 0 left on base; New York 0 - Seattle 8 |
| TOP OF THE 8TH |
|
New York Yankees batting - Pitching for Seattle Mariners : LHP Angel Contreras
|
|
Pitching: RHP Takaaki Nakada
|
|
|
Batting: RHB Geni Prawiranega
|
0-0: Ball 1-0: Foul Ball, location: 2F 1-1: Foul Ball, location: 2F 1-2: Ball 2-2: Ball 3-2: Foul Ball, location: 2F 3-2: Fly out, F7 (Line Drive, 7, EV 90.6 MPH)
|
|
Batting: RHB Kai Bellow
|
0-0: Called Strike 0-1: Ball 1-1: Ball 2-1: Ball 3-1: SOLO HOME RUN (Flyball, 78XD, EV 107.5 MPH), Distance : 397 ft
|
|
Batting: RHB Sam Saunders
|
0-0: Ball 1-0: Ball 2-0: Called Strike 2-1: Foul Ball, location: 2F 2-2: Strikes out swinging
|
|
Batting: LHB Jordan de Jesus
|
0-0: Called Strike 0-1: Ball 1-1: Ball 2-1: DOUBLE (Line Drive, 7LS, EV 115.6 MPH)
|
|
Batting: SHB Billy Durham
|
0-0: Ball 1-0: Foul Ball, location: 2F 1-1: SINGLE (Line Drive, 34, EV 97.5 MPH) Jordan de Jesus to third Runner from 3rd tries for Home, throw by RF and OUT! 9-2
|
| Top of the 8th over - 1 run, 3 hits, 0 errors, 1 left on base; New York 1 - Seattle 8 |
| BOTTOM OF THE 8TH |
|
Seattle Mariners batting - Pitching for New York Yankees : RHP Kyle Johnson
|
|
Batting: LHB Bi-jun Chien
|
0-0: Fly out, F8 (Line Drive, 8RD, EV 105.0 MPH)
|
|
Batting: RHB Corey Ottinger
|
0-0: Ball 1-0: SOLO HOME RUN (Flyball, 9D, EV 98.8 MPH), Distance : 387 ft
|
|
Pitching: RHP Juan Hurtado
|
|
|
Batting: RHB Ivan Colon
|
0-0: Called Strike 0-1: Ball 1-1: Called Strike 1-2: Ground out 6-3 (Groundball, 56, EV 86.9 MPH)
|
|
Batting: RHB Jonathan Rangel
|
0-0: Called Strike 0-1: Ball 1-1: Ball 2-1: Foul Ball, location: 2F 2-2: Strikes out looking
|
| Bottom of the 8th over - 1 run, 1 hit, 0 errors, 0 left on base; New York 1 - Seattle 9 |
| TOP OF THE 9TH |
|
New York Yankees batting - Pitching for Seattle Mariners : RHP Takaaki Nakada
|
|
Batting: RHB C.J. Richerson
|
0-0: Ball 1-0: Ball 2-0: Ground out 6-3 (Groundball, 6, EV 83.8 MPH)
|
|
Batting: LHB Jason Peck
|
0-0: Called Strike 0-1: Swinging Strike 0-2: Ball 1-2: Foul Ball, location: 2F 1-2: Ball 2-2: Ball 3-2: SOLO HOME RUN (Flyball, 9LD, EV 96.3 MPH), Distance : 338 ft
|
|
Batting: SHB Bartholomeu Chambino
|
0-0: Called Strike 0-1: Ground out 4-3 (Groundball, 4, EV 100.6 MPH)
|
|
Batting: LHB Evan Torraville
|
0-0: Ball 1-0: Ball 2-0: Ball 3-0: Called Strike 3-1: Foul Ball, location: 2F 3-2: Foul Ball, location: 2F 3-2: Ground out 6-3 (Groundball, 4, EV 86.9 MPH)
|
| Top of the 9th over - 1 run, 1 hit, 0 errors, 0 left on base; New York 2 - Seattle 9 |
|